 Dungeon Crawl Stone Soup version 0.28.0-43-g3370ac3207 (webtiles) character file.

Game seed: 16300541638873872012

44 pkoi the Grasshopper (level 3, -2/29 HPs)
             Began as a Demigod Warper on Mar 24, 2022.
             Slain by Robin
             ... wielding a +0 spear
              (5 damage)
             ... on level 2 of the Dungeon.
             The game lasted 00:01:40 (1849 turns).

pkoi the Grasshopper (Demigod Warper)               Turns: 1849, Time: 00:01:41

Health: -2/29      AC:  3    Str: 12    XL:     3   Next: 22%
Magic:  8/8        EV: 11    Int: 21    God:
Gold:   53         SH:  0    Dex: 13    Spells: 3/5 levels left

rFire   . . .      SeeInvis +   a - +0 falchion
rCold   . . .      Faith    .   (no shield)
rNeg    . . .      Spirit   .   b - +0 leather armour
rPois   .          Reflect  .   (no helmet)
rElec   .          Harm     .   (no cloak)
rCorr   .          Rampage  .   (no gloves)
Will    .....                   (no boots)
Stlth   +.........              (no amulet)
HPRegen 0.09/turn               f - ring of see invisible
MPRegen 0.11/turn               (no ring)

@: unable to read
A: high MP 1, forlorn, divine attributes, clever 1, inability to read while
threatened
a: no special abilities


You were on level 2 of the Dungeon.
You visited 1 branch of the dungeon, and saw 2 of its levels.

You collected 53 gold pieces.

Inventory:

Hand Weapons
 a - a +0 falchion (weapon)
Missiles
 d - 5 boomerangs of dispersal (quivered)
Armour
 b - a +0 leather armour (worn)
Jewellery
 f - a ring of see invisible (left hand)
Scrolls
 c - a scroll of blinking
 g - a scroll of brand weapon {unknown}
 k - a scroll of magic mapping {unknown}
Potions
 e - a potion of mutation
 h - a potion of flight {unknown}
 i - a potion of lignification
 j - a potion of ambrosia


   Skills:
 - Level 1.7 Fighting
 + Level 3.1 Long Blades
 - Level 0.8 Throwing
 - Level 0.8 Armour
 - Level 1.7 Dodging
 - Level 1.7 Spellcasting
 + Level 3.1 Translocations


You had 3 spell levels left.
You knew the following spells:

 Your Spells              Type           Power      Damage    Failure   Level
a - Blink                 Tloc           30%        N/A       8%          2

Your spell library contained the following spells:

 Spells                   Type           Power      Damage    Failure   Level
 Gell's Gravitas          Tloc           15%        N/A       16%         3
 Lesser Beckoning         Tloc           15%        N/A       16%         3
 Teleport Other           Tloc           15%        N/A       16%         3
 Manifold Assault         Tloc           15%        N/A       82%         5


Dungeon Overview and Level Annotations

Branches:
Dungeon (2/15)

Annotations:
D:2 Robin


Innate Abilities, Weirdness & Mutations

You have an increased reservoir of magic. (+10% MP)
You shall have no god before yourself.
Your divine heritage dramatically boosts your attributes as you level up.
Your mind is acute. (Int +2)
You sometimes lose the ability to read scrolls when taking damage.


Message History

You hit the goblin.
You kill the goblin!
You completely miss the goblin. The goblin hits you with a +0 club.
You feel threatened and lose the ability to read scrolls!
* * * LOW HITPOINT WARNING * * *
You hit the goblin.
You kill the goblin!
Robin barely misses you. Robin completely misses you.
Items here: )))).
You hit Robin.
Robin is moderately wounded.
Robin hits you with a +0 spear.
* * * LOW HITPOINT WARNING * * *
Robin misses you.
You hit Robin.
Robin is heavily wounded.
You can read scrolls again.
Robin hits you with a +0 spear.
You feel threatened and lose the ability to read scrolls!
* * * LOW HITPOINT WARNING * * *
You barely miss Robin.
Robin is heavily wounded.
Robin hits you with a +0 spear.
* * * LOW HITPOINT WARNING * * *
You hit Robin.
Robin is almost dead.
Robin hits you with a +0 spear.
* * * LOW HITPOINT WARNING * * *
You completely miss Robin.
Robin is almost dead.
Robin drinks a potion.
Robin is healed!
You hit Robin.
Robin is lightly wounded.
Robin hits you but does no damage.
You hit Robin.
Robin is lightly wounded.
Robin says, "My goblins will feast on your bones."
Robin hits you with a +0 spear.
You die...

### #<# #@#
#g################
#...gg.g..........
#################.
#. #g #g .gg.g...
#######.


You could see Robin.

Vanquished Creatures
  3 endoplasms (D:1)
  2 giant cockroaches (D:1)
  6 goblins
  3 hobgoblins (D:1)
  8 jackals (D:1)
  4 quokkas (D:1)
  2 bats (D:1)
  4 frilled lizards (D:1)
  2 kobolds (D:1)
  2 rats (D:1)
36 creatures vanquished.

Notes
Turn   | Place    | Note
-------+----------+-------------------------------------------
     0 | D:1      | pkoi the Demigod Warper began the quest for the Orb.
     0 | D:1      | Reached XP level 1. HP: 17/17 MP: 5/5
   166 | D:1      | Reached XP level 2. HP: 20/24 MP: 7/7
   171 | D:1      | Learned a level 2 spell: Blink
  1325 | D:1      | Gained mutation: Your mind is acute. (Int +2) [potion of
                  | mutation]
  1325 | D:1      | Gained mutation: You sometimes lose the ability to read
                  | scrolls when taking damage. [potion of mutation]
  1329 | D:1      | Reached XP level 3. HP: 26/29 MP: 8/8
  1805 | D:2      | Noticed Robin
  1849 | D:2      | Slain by Robin

Illustrated notes

Levels and vault maps discovered:
D:1:      minmay_arrival_wavy_path, layout_basic, basic_ecumenical_altar,
          minmay_pentomino_v2
D:2:      layout_basic, kennysheep_donut, uniq_robin

Skill      XL: |  1  2 |
---------------+-------+-----
Long Blades    | 2 3 |  3.1
Translocations | 3 |  3.1
Fighting       | |  1.7
Throwing       | |  0.8
Armour         | |  0.8
Dodging        | |  1.7
Spellcasting   | |  1.7

Action                   || total
-------------------------++-------
Melee: Falchion          ||   144
       Punch             ||     2
  Use: Potion            ||     4
       Scroll            ||     2
 Stab: Sleeping          ||     2
Armor: Leather armour    ||    31
Dodge: Dodged            ||    95
